Cogmind - Beta 12 X1 @@@ ROGUE MODE // 2022.08.26 @ 15:36:30 Player: Decinym Result: Destroyed by as-04335 with Assembled P-torch Performance ------------- Evolutions (4) 2000 Regions Visited (19) 3800 Robots Destroyed (230) 1150 Value Destroyed (8877) 8877 Prototype IDs (47) 940 Alien Tech Used (0) 0 Bonus (3086) 3086 TOTAL SCORE: 19853 Bonus ------- High Alert Combat Kills 723 Follower Combat Kills 779 Entered Garrisons 400 Aligned with FarCom 300 Met Data Miner 300 Met Imprinter 300 Triggered Deep Caves Wall 500 Exposed GOLEM Chamber 500 Friendly Fire -716 Cogmind --------- Core Integrity 0/850 Matter 199/500 Energy 100/100 System Corruption 32% Temperature Cool (20) Movement Walking (280) Ox2 Location -6/Deep Caves Parts ------- > --- POWER (2) -------- (None) > --- PROPULSION (4) --- Makeshift Leg Makeshift Leg > --- UTILITY (7) ------ Advanced Heat Sink Huge Storage Unit High-capacity Matter Pod Advanced Targeting Computer > --- WEAPON (2) ------- Ion Burst Cannon Makeshift Shrapnel Gun > --- INVENTORY (25) --- Improved Treads Carbon-fiber Leg Carbon-fiber Leg Advanced Sensor Array Improved Terrain Scanner Advanced Terrain Scan Processor Encrypted Comm Array Hacking Drone Bay Latent Energy Streamer Makeshift Shrapnel Gun AWS/Autocannon Advanced EMP Blaster Master Tearclaws Spear Self-destruct Interrupter (50) Self-destruct Interrupter (50) Peak State ------------ > --- POWER ------------ Particle Reactor Particle Reactor > --- PROPULSION ------- Improved Heavy Treads Improved Heavy Treads > --- UTILITY ---------- Improved Cooling System Huge Storage Unit Advanced Targeting Computer Advanced Targeting Computer Hardened Heavy Armor Plating Sensor Drone Bay > --- WEAPON ----------- Cooled Particle Cannon Ion Burst Cannon > --- INVENTORY -------- Improved Medium Treads Improved Heavy Treads Armored Huge Wheel Advanced Heat Sink Superbattery High-capacity Matter Pod Improved Terrain Scanner Encrypted Comm Array Transmission Jammer Layered Medium Armor Plating Medium Reflective Plating EM Pulse Cannon EM Pulse Cannon Latent Energy Streamer Phase Cannon Bore Cannon AWS/Autocannon Advanced EMP Blaster Master Tearclaws Spear [Rating: 96] Favorites ----------- Power Deuterium Engine Engine Deuterium Engine Power Core Nuclear Core Reactor Particle Reactor Propulsion Improved Heavy Treads Treads Improved Heavy Treads Leg Enhanced Flexi-carbon Leg Wheel Armored Huge Wheel Utility Huge Storage Unit Device Advanced Heat Sink Storage Huge Storage Unit Processor Advanced Targeting Computer Hackware Makeshift System Shield Protection Medium Reactive Plating Weapon Enhanced Autogun Energy Gun Gatling Laser Energy Cannon Phase Cannon Ballistic Gun Enhanced Autogun Ballistic Cannon Assault Cannon Launcher Advanced EMP Blaster Slashing Weapon Master Tearclaws Piercing Weapon Spear Build | -11 -10 -10 -10 -9 -8 -8 -8 -7 -7 -7 -7 -6 -6 -6 -6 -6 -6 -6 -6 ------- Run | Scr Mat Min Exi Min Mat Gar Mat Fac Low Low Dat Pro Fac Gar Fac Low Low Zio Dee Slots Evolved 8 | . . . . . 4 . . 2 . . . . 2 . . . . . . Power 1 | . . . . . . . . . . . . . 1 . . . . . . Propulsion 2 | . . . . . 1 . . 1 . . . . . . . . . . . Utility 5 | . . . . . 3 . . 1 . . . . 1 . . . . . . Weapon . | . . . . . . . . . . . . . . . . . . . . Parts Attached 290 | . 8 7 2 5 28 13 14 25 16 19 2 18 15 32 36 5 9 21 15 Power 26 | . . 1 . 1 1 1 1 3 1 1 . 1 1 4 4 . 1 3 2 Engine 18 | . . 1 . 1 . 1 1 2 1 1 . 1 . 3 . . 1 3 2 Core 5 | . . . . . 1 . . 1 . . . . 1 1 1 . . . . Reactor 3 | . . . . . . . . . . . . . . . 3 . . . . Propulsion 50 | . 3 2 . . 5 4 3 1 . 6 . 5 1 8 6 . 1 3 2 Treads 36 | . . . . . 3 4 3 1 . 5 . 4 1 8 4 . 1 2 . Leg 4 | . . . . . . . . . . 1 . . . . . . . 1 2 Wheel 10 | . 3 2 . . 2 . . . . . . 1 . . 2 . . . . Hover . | . . . . . . . . . . . . . . . . . . . . Flight . | . . . . . . . . . . . . . . . . . . . . Utility 124 | . 4 3 1 2 11 6 5 15 8 8 . 6 12 9 18 4 5 6 1 Device 50 | . . 1 . 1 2 5 2 5 5 3 . 2 4 6 10 2 1 1 . Storage 7 | . 1 . 1 . 1 . . . 1 . . . . 1 . . 1 1 . Processor 11 | . . . . . 3 1 . 1 . . . . 5 . . 1 . . . Hackware 3 | . . . . . . . . . . . . . 3 . . . . . . Protection 53 | . 3 2 . 1 5 . 3 9 2 5 . 4 . 2 8 1 3 4 1 Artifact . | . . . . . . . . . . . . . . . . . . . . Weapon 90 | . 1 1 1 2 11 2 5 6 7 4 2 6 1 11 8 1 2 9 10 Energy Gun 5 | . 1 . 1 . 1 . . . . . . . . 2 . . . . . Energy Cannon 27 | . . . . . 1 . . . . 1 . 3 1 5 6 1 1 5 3 Ballistic Gun 34 | . . 1 . 2 7 2 5 3 4 2 2 2 . 1 . . . . 3 Ballistic Cannon 3 | . . . . . . . . . . . . . . . . . . 3 . Launcher 18 | . . . . . 2 . . 3 3 1 . 1 . 1 2 . 1 1 3 Special Weapon . | . . . . . . . . . . . . . . . . . . . . Impact Weapon . | . . . . . . . . . . . . . . . . . . . . Slashing Weapon 1 | . . . . . . . . . . . . . . 1 . . . . . Piercing Weapon 2 | . . . . . . . . . . . . . . 1 . . . . 1 Special Melee Weapon . | . . . . . . . . . . . . . . . . . . . . Unidentified Prototypes 11 | . . 1 . . 4 1 1 1 . . . . . . 2 . . 1 . Corrupted Parts 5 | . . . . . . . . . . . . 1 . 3 . . . 1 . System Corruption 44 | . . . . . . . . . . . . 4 . 27 . . . 13 . Parts Lost 63 | . 1 2 . 1 . 1 3 3 2 3 . 7 3 6 4 . 9 7 11 Power 12 | . . 1 . . . 1 . 1 1 1 . 1 . 2 . . . . 4 Propulsion 14 | . 1 . . . . . . . . . . 2 1 3 2 . 2 . 3 Utility 22 | . . . . . . . 1 2 . 2 . 2 2 1 2 . 2 5 3 Weapon 13 | . . 1 . 1 . . 2 . 1 . . 2 . . . . 3 2 1 Highest Loss Streak 9 | . 1 1 . 1 . 1 1 2 1 2 . 4 3 2 3 . 9 2 5 To Critical Strikes 3 | . . . . . . . . . . . . 1 . . . . 2 . . Average Slot Usage (%) 86 | . 94 99 100 98 99 93 89 83 76 81 76 88 87 93 84 85 82 79 78 Engine 7 | . 14 13 14 14 2 7 9 6 6 6 7 6 6 11 5 . 2 7 6 Reactor 1 | . . . . . . . . . . . . . . . 7 13 7 . . Treads 14 | . . . . . 22 22 17 15 15 19 30 26 25 21 11 6 5 6 4 Wheel 4 | . 25 28 28 28 4 . . . . . . 1 . . 1 6 6 6 4 Device 10 | . . . . 8 . 7 8 8 18 21 23 15 3 5 15 19 14 6 13 Storage 7 | . 14 14 14 14 9 9 9 7 7 7 7 7 6 6 6 6 5 6 13 Processor 9 | . . . . . 17 23 11 10 7 1 . . 15 20 16 6 6 6 6 Protection 12 | . 9 13 14 6 17 3 14 17 3 5 7 14 6 9 4 12 17 23 4 Energy Gun 1 | . 2 14 14 11 . 4 . . . . . . . 1 3 . . . . Energy Cannon 3 | . . . . . . . . . . . . 4 6 5 8 13 12 9 2 Ballistic Gun 9 | . 25 13 14 15 17 13 17 14 14 14 . 9 6 4 . . . . 3 Naked Turns . | . . . . . . . . . . . . . . . . . . . . Heaviest Build 194 | 11 53 52 93 105 103 101 110 137 180 180 172 177 179 189 194 189 189 188 134 Greatest Support 150 | 20 32 26 20 20 84 115 103 150 150 150 88 91 93 150 150 28 28 28 68 Greatest Overweight (x) 9 | . 3 2 4 5 9 1 1 . 1 3 1 6 2 2 6 6 6 6 4 Average Overweight (x) 2 | . 1 1 3 4 1 . . . . 1 1 2 1 . . 6 5 4 3 Largest Inventory Capacity 30 | . 20 20 25 25 25 25 25 25 30 30 30 30 30 30 25 25 25 25 25 Average Capacity 25 | . 18 20 23 25 25 25 25 25 29 30 30 30 30 26 25 25 23 25 25 Most Carried 30 | . 18 19 22 25 25 25 25 25 28 30 30 30 30 28 25 25 25 25 25 Average Carried 24 | . 12 17 20 22 24 23 24 24 24 28 30 29 28 24 24 24 20 21 23 Final Capacity 30 | 8 20 20 25 25 25 25 25 25 30 30 30 30 30 25 25 25 25 25 25 Final Carried 30 | 6 18 19 21 24 25 25 25 25 28 30 30 30 28 24 25 25 16 25 19 Class Distribution -------------------- 37% | Mutant 35% | Scavenger-Mutant 26% | Hauler-Mutant Dominant Class ---------------- Mutant | -10/Materials Scavenger-Mutant | -10/Mines Scavenger-Mutant | -10/Exiles Scavenger-Mutant | -9/Mines Mutant | -8/Materials Mutant | -8/Garrison Mutant | -8/Materials Scavenger-Mutant | -7/Factory Hauler-Mutant | -7/Lower Caves Hauler-Mutant | -7/Lower Caves Hauler-Mutant | -7/Data Miner Hauler-Mutant | -6/Proximity Caves Hauler-Mutant | -6/Factory Scavenger-Mutant | -6/Garrison Scavenger-Mutant | -6/Factory Mutant | -6/Lower Caves Mutant | -6/Lower Caves Mutant | -6/Zion Scavenger-Mutant | -6/Deep Caves Resources | -11 -10 -10 -10 -9 -8 -8 -8 -7 -7 -7 -7 -6 -6 -6 -6 -6 -6 -6 -6 ----------- Run | Scr Mat Min Exi Min Mat Gar Mat Fac Low Low Dat Pro Fac Gar Fac Low Low Zio Dee Matter Collected 8630 | 200 226 302 20 67 682 814 681 1053 527 610 . 767 175 670 523 374 297 542 100 Remotely . | . . . . . . . . . . . . . . . . . . . . Salvage Created 13391 | . 344 69 . 92 773 1461 1367 2146 451 297 . 576 175 1636 1404 178 337 1096 989 Parts 561 | . 32 2 . 6 29 67 72 80 22 16 . 22 8 62 55 3 5 76 4 Haulers Intercepted 5 | . . . . . 1 . 1 3 . . . . . . . . . . . Recyclers Shooed 5 | . . . . . 1 . 2 2 . . . . . . . . . . . Parts Field Recycled . | . . . . . . . . . . . . . . . . . . . . Retrieved Matter . | . . . . . . . . . . . . . . . . . . . . Parts Self-Destructed 77 | . . . . . . . . . 19 9 . 42 . . . 3 1 3 . Prevented 9 | . . . . . . . . . . . . 3 . . . . 6 . . Kills | -11 -10 -10 -10 -9 -8 -8 -8 -7 -7 -7 -7 -6 -6 -6 -6 -6 -6 -6 -6 ------- Run | Scr Mat Min Exi Min Mat Gar Mat Fac Low Low Dat Pro Fac Gar Fac Low Low Zio Dee Combat Hostiles Destroyed 225 | . 10 7 . 3 11 14 18 27 14 7 . 8 2 21 26 . 6 11 40 Melee 1 | . . . . . . . . . . . . . . . . . . . 1 Guns 110 | . 10 7 . 3 10 14 18 19 8 5 . 3 . 7 5 . . . 1 Cannons 39 | . . . . . . . . . . . . 5 2 8 9 . 3 7 5 AOE 61 | . . . . . 1 . . 7 6 2 . . . 5 6 . 1 1 32 Classes Destroyed 27 | . 3 1 . . 6 1 1 . . 3 . 1 1 1 1 1 . 5 2 Worker 8 | . . . . . 1 . 2 5 . . . . . . . . . . . Builder 2 | . 1 . . . . . . 1 . . . . . . . . . . . Hauler 5 | . . . . . 1 . 1 3 . . . . . . . . . . . Recycler 8 | . . . . . 2 . 4 2 . . . . . . . . . . . Minesweeper 1 | . . . . . . . . . . . . . . . . 1 . . . Drone 1 | . . . . . . . . . . . . . . . 1 . . . . Watcher 4 | . . . . . 1 . 1 . . . . . . . 2 . . . . Swarmer 38 | . 3 2 . 1 . 3 . 7 9 . . 1 . 8 4 . . . . Grunt 70 | . 7 . . 2 8 3 9 8 4 3 . 3 . 8 11 . 4 . . Brawler 4 | . . . . . . . . . . 1 . 1 . . 2 . . . . Duelist 7 | . . . . . . . 1 3 1 1 . . . . 1 . . . . Protector 1 | . . . . . . . . . . . . 1 . . . . . . . Sentry 25 | . . . . . 2 4 7 5 . . . 1 1 3 2 . . . . Specialist 1 | . . . . . . . . . . . . . . 1 . . . . . Hunter 8 | . . . . . 1 1 1 2 . . . 1 . . 1 . 1 . . Programmer 11 | . . . . . . 3 . 2 . 1 . . . . 5 . . . . Behemoth 2 | . . . . . . . . . . . . . 1 1 . . . . . Zionite 38 | . . . . . . . . . . . . . . . . . . 38 . Z-Technician 1 | . . . . . . . . . . . . . . . . . . . 1 Packrat 2 | . . . . . . . . . 2 . . . . . . . . . . Samaritan 1 | . . . . . . . . . . 1 . . . . . . . . . Tinkerer 1 | . . . . . . . . . . . . . . . . . . 1 . Master Thief 2 | . . . . . . . . . . 1 . . . . . . 1 . . Assembled 43 | . . 5 . . . . . . . . . . . . . . . . 38 Golem 2 | . . . . . . . . . . . . . . . . . . . 2 Surgeon 1 | . . . . . . . . . . . . . . . . . . 1 . Thug 1 | . . . . . . . . . . . . . . . . . . 1 . Butcher 1 | . . . . . . . . . . . . . . . . . . 1 . Fireman 1 | . . . . . . . . . . . . . . . . . . 1 . Mutant 7 | . . . . . . . . . . . . . . . . . . 7 . Best Kill Streak 33 | . 3 2 . 2 3 6 3 7 5 3 . 3 1 6 8 1 3 11 33 Combat Bots Only 33 | . 3 2 . 2 3 6 3 5 5 3 . 3 1 6 8 . 3 7 33 Max Kills in Single Turn 16 | . 1 1 . 1 1 1 1 4 2 2 . 1 1 4 2 1 1 2 16 Gunslinging . | . . . . . . . . . . . . . . . . . . . . Exploded 16 | . . . . . 1 . . 3 2 2 . . . 4 2 . 1 1 16 Melee 1 | . . . . . . . . . . . . . . . . . . . 1 Uniques/NPCs Destroyed 1 | . . . . . . . . . . . . . . . . . . 1 . Imprinter (-6/Zion) Combat | -11 -10 -10 -10 -9 -8 -8 -8 -7 -7 -7 -7 -6 -6 -6 -6 -6 -6 -6 -6 -------- Run | Scr Mat Min Exi Min Mat Gar Mat Fac Low Low Dat Pro Fac Gar Fac Low Low Zio Dee Damage Taken 15923 | . 409 287 . 149 877 706 794 1801 463 780 . 1527 953 1518 2467 . 303 1732 1157 Core 1674 | . 95 34 . 45 66 69 44 210 40 89 . 130 100 144 244 . . 170 194 Absorbed by Shields 54 | . . . . . . . . . . . . . . 54 . . . . . Reduced by Siege Mode 170 | . . . . . . . . . . 45 . . . . 125 . . . . Redirected to Shielding 87 | . . . . . . . . . . . . . . . . . . 87 . Regen/Repaired (Parts) 575 | . . . . . . . 552 . . . . . . . . . . 23 . Core Remaining (%) 57 | 100 . . . 30 . . 67 . . . . 33 . . . . . . . Volleys Fired 924 | . 34 31 . 7 59 105 65 109 35 68 . 59 25 81 79 7 43 91 26 Largest 2 | . 2 2 . 2 2 2 2 2 2 2 . 2 2 2 2 2 2 2 2 Hottest 185 | . 85 85 . 105 48 81 53 50 50 85 . 110 93 165 165 185 185 185 144 Shots Fired 1664 | . 67 54 . 14 117 196 132 208 59 107 . 105 50 144 124 17 58 175 37 Gun 1116 | . 67 54 . 14 116 196 132 198 48 86 . 74 25 73 25 . . . 8 Cannon 499 | . . . . . . . . . . 18 . 30 25 70 92 17 54 170 23 Launcher 49 | . . . . . 1 . . 10 11 3 . 1 . 1 7 . 4 5 6 Special . | . . . . . . . . . . . . . . . . . . . . Kinetic 1090 | . 66 31 . 6 116 166 132 198 48 86 . 74 25 52 . . . 77 13 Thermal 510 | . 1 23 . 4 . 30 . . . 18 . 29 25 89 117 17 54 93 10 Explosive 18 | . . . . . 1 . . 2 11 3 . 1 . . . . . . . Electromagnetic 46 | . . . . 4 . . . 8 . . . 1 . 3 7 . 4 5 14 Robot Hit Streak 43 | . 9 4 . 5 20 43 17 21 18 29 . 13 19 22 26 5 7 14 7 Robot Miss Streak 10 | . 3 8 . 2 2 2 3 3 3 3 . 5 1 3 2 2 10 7 8 Penetration Max 1 | . . . . . . . 1 . . . . . . . . . . . . Secondary Targets 11 | . 1 . . . 1 3 1 2 2 . . 1 . . . . . . . Max Gunslinging Chain 1 | . 1 . . . 1 1 1 1 1 . . 1 . . . . . . . Shots Hit Robots 1161 | . 39 20 . 9 94 179 93 155 43 62 . 57 46 123 68 10 23 112 28 Core Hits 629 | . 19 11 . 4 30 64 46 81 29 22 . 29 9 72 57 5 17 62 72 Critical Kills 6 | . . . . . . . 2 1 . . . . . . 3 . . . . Critical Parts Destroyed 2 | . . . . . 1 . 1 . . . . . . . . . . . . Critical Strikes 12 | . . . . . 1 2 3 1 . . . . . . 3 . . 1 1 Burn 2 | . . . . . . 2 . . . . . . . . . . . . . Meltdown 3 | . . . . . . . . . . . . . . . 3 . . . . Destroy 5 | . . . . . 1 . 3 1 . . . . . . . . . . . Blast 1 | . . . . . . . . . . . . . . . . . . 1 . Impale 1 | . . . . . . . . . . . . . . . . . . . 1 Melee Attacks 31 | . . . . . . . . . . . . . . 16 . . . . 15 Impact . | . . . . . . . . . . . . . . . . . . . . Slashing 4 | . . . . . . . . . . . . . . 4 . . . . . Piercing 27 | . . . . . . . . . . . . . . 12 . . . . 15 Sneak Attacks . | . . . . . . . . . . . . . . . . . . . . Combat Hostiles . | . . . . . . . . . . . . . . . . . . . . Follow-up Attacks . | . . . . . . . . . . . . . . . . . . . . Damage Inflicted 32312 | . 457 279 . 128 1531 3321 1641 3525 1447 1519 . 1306 913 3940 2954 334 1289 4134 3594 Guns 14516 | . 457 279 . 128 1484 3321 1641 2516 616 1085 . 729 386 1220 579 . . . 75 Cannons 9351 | . . . . . . . . . . . . 368 527 1723 1699 334 920 3534 246 Explosions 7696 | . . . . . 47 . . 1009 831 434 . 209 . 464 676 . 369 600 3057 Melee 749 | . . . . . . . . . . . . . . 533 . . . . 216 Ramming . | . . . . . . . . . . . . . . . . . . . . Kinetic 13578 | . 457 149 . 40 1484 2859 1641 2516 616 1085 . 729 386 678 . . . 863 75 Thermal 10765 | . . 130 . 66 . 462 . 59 . . . 364 527 2485 2361 334 987 2783 207 Explosive 1711 | . . . . . 47 . . 394 831 434 . 5 . . . . . . . Electromagnetic 5509 | . . . . 22 . . . 556 . . . 208 . 244 593 . 302 488 3096 Impact . | . . . . . . . . . . . . . . . . . . . . Slashing 64 | . . . . . . . . . . . . . . 64 . . . . . Piercing 685 | . . . . . . . . . . . . . . 469 . . . . 216 Highest Corruption 36 | . . 1 1 1 . 2 2 1 1 4 4 22 . 31 36 36 36 36 32 Average Corruption 14 | . . 1 1 1 . 1 2 1 1 3 4 13 . 28 33 36 36 16 15 Corruption Purged . | . . . . . . . . . . . . . . . . . . . . Corruption Blocked . | . . . . . . . . . . . . . . . . . . . . Effects 501 | . . 5 6 2 . 3 23 3 11 38 5 48 . 79 98 49 69 41 21 Message Errors 114 | . . 2 1 . . 1 4 . 2 7 2 13 . 21 27 6 17 4 7 Matter Fused 110 | . . . 1 . . 1 5 1 4 10 . 5 . 20 20 15 14 10 4 Heat Flow Errors 65 | . . . . . . . 3 1 2 6 1 8 . 5 10 7 16 5 1 Energy Discharges 61 | . . . . . . . . . 1 6 1 10 . 6 14 6 7 9 1 Parts Rejected 3 | . . . . . . . . . . . . 1 . 1 1 . . . . Data Loss (minor) 51 | . . 2 1 . . . 3 1 2 2 1 7 . 10 5 4 6 4 3 Data Loss (major) 26 | . . . . . . 1 2 . . 4 . 2 . 4 6 2 1 2 2 Misfires 24 | . . . . . . . 3 . . 1 . . . 4 4 5 2 3 2 Alerts 25 | . . 1 3 2 . . 2 . . 2 . 2 . 2 5 2 4 . . Misdirections 3 | . . . . . . . . . . . . . . . 3 . . . . Weapon Failures 19 | . . . . . . . 1 . . . . . . 6 3 2 2 4 1 Overload Shots . | . . . . . . . . . . . . . . . . . . . . Overflow Damage 370 | . . . . . . . . 28 10 19 . . . . 66 33 4 108 102 Projectiles 175 | . . . . . . . . . . . . . . . 36 33 4 102 . Explosions 195 | . . . . . . . . 28 10 19 . . . . 30 . . 6 102 Melee . | . . . . . . . . . . . . . . . . . . . . Knockbacks 7 | . . . . . . . . . . . . . . . . . . 7 . Impact . | . . . . . . . . . . . . . . . . . . . . Kinetic 7 | . . . . . . . . . . . . . . . . . . 7 . Secondary . | . . . . . . . . . . . . . . . . . . . . Self-Inflicted Damage 344 | . . . . . . . . 148 24 . . . . . 85 . . . 87 Shots 10 | . . . . . . . . 5 1 . . . . . 2 . . . 2 Rammed . | . . . . . . . . . . . . . . . . . . . . Targets Rammed . | . . . . . . . . . . . . . . . . . . . . Kicked . | . . . . . . . . . . . . . . . . . . . . Crushed . | . . . . . . . . . . . . . . . . . . . . Highest Temperature 481 | . 70 296 . 165 197 50 249 104 238 243 230 481 52 332 248 214 276 322 30 Average Temperature 85 | . 25 108 . 75 61 12 85 23 117 111 122 118 18 129 52 65 98 101 30 Received Heat Transfer 3777 | . 156 . . 24 360 144 306 291 117 252 . 270 138 477 735 . 84 251 172 Effects 7 | . . 3 . . . . . . . . . 1 . . . . 3 . . Interference 6 | . . 3 . . . . . . . . . . . . . . 3 . . Damage (minor) 1 | . . . . . . . . . . . . 1 . . . . . . . Siege Activations 6 | . . . . . . . . 1 . 1 . . . . 3 . 1 . . Total Turns 105 | . . . . . . . . 3 . 28 . . . . 53 . 21 . . Longest Duration 31 | . . . . . . . . 3 . 28 . . . . 31 . 21 . . Robots Corrupted 10 | . . . . . . . . 1 . . . . . . 3 . 2 3 1 Combat Hostiles 9 | . . . . . . . . 1 . . . . . . 2 . 2 3 1 Parts Fried 18 | . . . . . . . . 4 . . . . . 1 5 . 3 5 . Impact Corruptions . | . . . . . . . . . . . . . . . . . . . . Robots Melted 5 | . . . . . . . . . . . . . . 1 4 . . . . Combat Hostiles 5 | . . . . . . . . . . . . . . 1 4 . . . . Parts Melted 30 | . . . . . 2 5 . . . . . 1 . 7 12 . 1 2 . Heat Transferred 15073 | . . 296 . 148 . 1147 . 100 . . . 593 888 3529 3384 397 1170 3171 250 Parts Sabotaged . | . . . . . . . . . . . . . . . . . . . . Parts Stolen 8 | . . . . . . . . . . 3 . . . . . . 5 . . Parts Stripped . | . . . . . . . . . . . . . . . . . . . . Power Chain Reactions 9 | . . . . . . . . 1 . . . . . 2 2 . 1 2 1 Missiles Intercepted . | . . . . . . . . . . . . . . . . . . . . Latent Energy Used 920 | . . . . . . . . . . . . 89 . 123 . . . . 708 LE Corruption 20 | . . . . . . . . . . . . 2 . 3 . . . . 15 Alert | -11 -10 -10 -10 -9 -8 -8 -8 -7 -7 -7 -7 -6 -6 -6 -6 -6 -6 -6 -6 ------- Run | Scr Mat Min Exi Min Mat Gar Mat Fac Low Low Dat Pro Fac Gar Fac Low Low Zio Dee Peak Influence 891 | . 310 175 . 228 219 603 402 794 . . . . 102 760 891 . . . . Initial 399 | . . 120 . . 88 118 293 51 . . . . 81 2 399 . . . . Average 314 | . 149 94 . 144 105 421 249 270 . . . . 47 448 602 . . . . Maximum Alert Level 3 | . 1 . . 1 1 2 2 3 . . . . . 3 3 . . . . Low Security (%) 41 | . 62 100 . 78 82 7 36 59 . . . . 100 14 . . . . . Level 1 18 | . 37 . . 21 17 9 59 5 . . . . . 18 6 . . . . Level 2 34 | . . . . . . 83 4 24 . . . . . 56 75 . . . . Level 3 6 | . . . . . . . . 10 . . . . . 10 18 . . . . Level 4 . | . . . . . . . . . . . . . . . . . . . . Level 5 . | . . . . . . . . . . . . . . . . . . . . High Security . | . . . . . . . . . . . . . . . . . . . . Max Security . | . . . . . . . . . . . . . . . . . . . . Squads Dispatched 30 | . 2 . . . 1 . 2 10 . . . 1 . . 14 . . . . Investigation 4 | . 1 . . . . . 2 . . . . . . . 1 . . . . Extermination 6 | . . . . . . . . 2 . . . . . . 4 . . . . Reinforcement 9 | . 1 . . . 1 . . 4 . . . . . . 3 . . . . Assault 5 | . . . . . . . . 1 . . . 1 . . 3 . . . . Garrison 6 | . . . . . . . . 3 . . . . . . 3 . . . . Intercept . | . . . . . . . . . . . . . . . . . . . . Searches Triggered . | . . . . . . . . . . . . . . . . . . . . Data Miner Redirects 2 | . . . . . . . . . . . . . . . 2 . . . . Construction Impeded . | . . . . . . . . . . . . . . . . . . . . Haulers Reinforced 1 | . . . . . . . . 1 . . . . . . . . . . . Active Scanning Responses . | . . . . . . . . . . . . . . . . . . . . Cargo Convoy Interrupts . | . . . . . . . . . . . . . . . . . . . . Stealth | -11 -10 -10 -10 -9 -8 -8 -8 -7 -7 -7 -7 -6 -6 -6 -6 -6 -6 -6 -6 --------- Run | Scr Mat Min Exi Min Mat Gar Mat Fac Low Low Dat Pro Fac Gar Fac Low Low Zio Dee Distress Signals 12 | . 2 . . . 2 . 5 2 . . . . . . 1 . . . . Communications Jammed 1 | . . . . . . . . . . . . . . . 1 . . . . Distress Signals 1 | . . . . . . . . . . . . . . . 1 . . . . Times Spotted 366 | . 17 8 . 8 22 13 34 37 15 12 . 22 2 28 37 . 10 54 47 Peak Tracking Total 37 | . 4 3 . 2 4 5 5 8 4 4 . 8 1 7 8 . 5 8 37 Tactical Retreats 17 | . 1 . . . 1 . 2 . . 1 . 1 . 1 2 . . 6 2 Traps | -11 -10 -10 -10 -9 -8 -8 -8 -7 -7 -7 -7 -6 -6 -6 -6 -6 -6 -6 -6 ------- Run | Scr Mat Min Exi Min Mat Gar Mat Fac Low Low Dat Pro Fac Gar Fac Low Low Zio Dee Traps Triggered 10 | . 1 . . . . 3 1 1 . . . . . 3 1 . . . . Indirectly . | . . . . . . . . . . . . . . . . . . . . Trap Hack Attempts . | . . . . . . . . . . . . . . . . . . . . Triggered . | . . . . . . . . . . . . . . . . . . . . Disarmed 6 | . 6 . . . . . . . . . . . . . . . . . . Reprogrammed 8 | . . . . . 4 . 4 . . . . . . . . . . . . Reused 1 | . . . . . . . 1 . . . . . . . . . . . . Traps Extracted . | . . . . . . . . . . . . . . . . . . . . Installed . | . . . . . . . . . . . . . . . . . . . . Triggered 4 | . . . . . . . 1 . . . . . . . . 2 1 . . Most Traps Carried 2 | . . . . . . . . . . . . . . . . 2 2 . . Machines | -11 -10 -10 -10 -9 -8 -8 -8 -7 -7 -7 -7 -6 -6 -6 -6 -6 -6 -6 -6 ---------- Run | Scr Mat Min Exi Min Mat Gar Mat Fac Low Low Dat Pro Fac Gar Fac Low Low Zio Dee Machines Disabled 23 | . . . . . . . . 12 . . . 1 . . 5 . . . 5 Max in Single Turn 6 | . . . . . . . . 6 . . . 1 . . 3 . . . 1 Machines Sabotaged . | . . . . . . . . . . . . . . . . . . . . Garrisons Compromised . | . . . . . . . . . . . . . . . . . . . . Overloaded Fab Kills . | . . . . . . . . . . . . . . . . . . . . Hacking | -11 -10 -10 -10 -9 -8 -8 -8 -7 -7 -7 -7 -6 -6 -6 -6 -6 -6 -6 -6 --------- Run | Scr Mat Min Exi Min Mat Gar Mat Fac Low Low Dat Pro Fac Gar Fac Low Low Zio Dee Machines Accessed 45 | . 2 1 2 . 7 1 9 6 1 1 4 . 3 3 5 . . . . Terminals 24 | . 2 . . . 5 1 7 4 . . . . . 3 2 . . . . Fabricators 5 | . . . . . . . . 1 . . . . 2 . 2 . . . . Repair Stations 2 | . . . . . . . 1 . . . . . . . 1 . . . . Recycling Units . | . . . . . . . . . . . . . . . . . . . . Scanalyzers 2 | . . . . . 1 . 1 . . . . . . . . . . . . Garrison Access 3 | . . . . . 1 . . 1 . . . . 1 . . . . . . Total Hacks 148 | . 9 1 2 . 29 2 39 12 1 1 29 . 10 5 8 . . . . Successful 95 | . 3 1 2 . 17 . 27 4 1 1 29 . 5 1 4 . . . . Failed 53 | . 6 . . . 12 2 12 8 . . . . 5 4 4 . . . . Catastrophic 7 | . 1 . . . 1 . 2 1 . . . . 1 1 . . . . . Database Lockouts . | . . . . . . . . . . . . . . . . . . . . Manual 55 | . 5 . 1 . 14 . 20 4 . . . . 4 . 2 . . 5 . Terminals 76 | . 9 . . . 22 2 26 9 . . . . . 5 3 . . . . Fabricators 13 | . . . . . . . . 2 . . . . 9 . 2 . . . . Repair Stations 14 | . . . . . . . 11 . . . . . . . 3 . . . . Recycling Units . | . . . . . . . . . . . . . . . . . . . . Scanalyzers 8 | . . . . . 6 . 2 . . . . . . . . . . . . Garrison Access 3 | . . . . . 1 . . 1 . . . . 1 . . . . . . Terminal Hacks 60 | . 3 1 2 . 7 . 12 2 1 1 29 . . 1 1 . . . . Record 12 | . . . 1 . . . . . . . 11 . . . . . . . . Part Schematic 9 | . . . . . . . . . . . 9 . . . . . . . . Robot Schematic 6 | . . . . . . . . . . . 6 . . . . . . . . Robot Analysis 1 | . . . . . 1 . . . . . . . . . . . . . . Prototype ID Bank 4 | . . . . . 1 . . . . . 3 . . . . . . . . Open Door 3 | . . 1 . . . . . . 1 1 . . . . . . . . . Open DSF 1 | . . . . . . . . 1 . . . . . . . . . . . Branch Access Points 4 | . 1 . . . 1 . 1 1 . . . . . . . . . . . Garrison Index 2 | . . . . . 1 . 1 . . . . . . . . . . . . Alert Level 2 | . . . . . . . 2 . . . . . . . . . . . . Unreport Threat 2 | . . . . . . . 2 . . . . . . . . . . . . Locate Traps 3 | . . . . . 1 . 1 . . . . . . . 1 . . . . Disarm Traps 1 | . 1 . . . . . . . . . . . . . . . . . . Reprogram Traps 2 | . . . . . 1 . 1 . . . . . . . . . . . . Security Status 1 | . . . . . . . 1 . . . . . . . . . . . . Registered Prototypes 1 | . . . . . . . 1 . . . . . . . . . . . . Zone Layout 4 | . 1 . . . 1 . 2 . . . . . . . . . . . . Patrol Navigation 1 | . . . . . . . . . . . . . . 1 . . . . . EX-Prototype ID Bank 1 | . . . 1 . . . . . . . . . . . . . . . . Fabricator Hacks 4 | . . . . . . . . . . . . . 3 . 1 . . . . Load Schematic 1 | . . . . . . . . . . . . . 1 . . . . . . Build 3 | . . . . . . . . . . . . . 2 . 1 . . . . Repair Station Hacks 11 | . . . . . . . 10 . . . . . . . 1 . . . . Scan Component 6 | . . . . . . . 5 . . . . . . . 1 . . . . Repair 5 | . . . . . . . 5 . . . . . . . . . . . . Recycling Unit Hacks . | . . . . . . . . . . . . . . . . . . . . Scanalyzer 8 | . . . . . 6 . 2 . . . . . . . . . . . . Insert Component 4 | . . . . . 3 . 1 . . . . . . . . . . . . Analyze 4 | . . . . . 3 . 1 . . . . . . . . . . . . Garrison Access Hacks 2 | . . . . . 1 . . . . . . . 1 . . . . . . Unlock Access 2 | . . . . . 1 . . . . . . . 1 . . . . . . Unauthorized Hacks 10 | . . . . . 3 . 3 2 . . . . 1 . 1 . . . . Terminals 7 | . . . . . 3 . 3 1 . . . . . . . . . . . Assimilate 1 | . . . . . 1 . . . . . . . . . . . . . . Botnet 6 | . . . . . 2 . 3 1 . . . . . . . . . . . Fabricators 3 | . . . . . . . . 1 . . . . 1 . 1 . . . . Liberate 2 | . . . . . . . . . . . . . 1 . 1 . . . . Haulers 1 | . . . . . . . . 1 . . . . . . . . . . . Repair Stations . | . . . . . . . . . . . . . . . . . . . . Recycling Units . | . . . . . . . . . . . . . . . . . . . . Scanalyzers . | . . . . . . . . . . . . . . . . . . . . Garrison Access . | . . . . . . . . . . . . . . . . . . . . Data Cores Recovered . | . . . . . . . . . . . . . . . . . . . . Used . | . . . . . . . . . . . . . . . . . . . . Hacking Detections 29 | . 1 . . . 5 1 8 5 . . . . 3 3 3 . . . . Full Trace Events 2 | . . . . . . 1 . . . . . . . . 1 . . . . Feedback Events . | . . . . . . . . . . . . . . . . . . . . Feedback Blocked . | . . . . . . . . . . . . . . . . . . . . Robot Schematics Acquired 7 | . . . . . . . . . . . 6 . . . . . . 1 . Robots Built 3 | . . . . . . . . . . . . . 3 . . . . . . Authchips . | . . . . . . . . . . . . . . . . . . . . Time 58 | . . . . . . . . . . . . . 58 . . . . . . Total Robot Build Rating 9 | . . . . . . . . . . . . . 9 . . . . . . Part Schematics Acquired 26 | . . . . . 3 . 1 . . . 9 . . . . . . 13 . Parts Built 3 | . . . . . . . . . . . . . 1 . 2 . . . . Authchips 1 | . . . . . . . . . . . . . 1 . . . . . . Time 148 | . . . . . . . . . . . . . 84 . 64 . . . . Total Part Build Rating 22 | . . . . . . . . . . . . . 6 . 16 . . . . Parts Repaired 5 | . . . . . . . 5 . . . . . . . . . . . . Time 244 | . . . . . . . 244 . . . . . . . . . . . . Parts Recycled . | . . . . . . . . . . . . . . . . . . . . Recycled Matter . | . . . . . . . . . . . . . . . . . . . . Retrieved Matter . | . . . . . . . . . . . . . . . . . . . . Retrieved Components . | . . . . . . . . . . . . . . . . . . . . Parts Scanalyzed 4 | . . . . . 3 . 1 . . . . . . . . . . . . Part Schematics Acquired 4 | . . . . . 3 . 1 . . . . . . . . . . . . Parts Damaged . | . . . . . . . . . . . . . . . . . . . . Bothacking | -11 -10 -10 -10 -9 -8 -8 -8 -7 -7 -7 -7 -6 -6 -6 -6 -6 -6 -6 -6 ------------ Run | Scr Mat Min Exi Min Mat Gar Mat Fac Low Low Dat Pro Fac Gar Fac Low Low Zio Dee Used RIF Installer . | . . . . . . . . . . . . . . . . . . . . Robots Hacked . | . . . . . . . . . . . . . . . . . . . . Non-combat . | . . . . . . . . . . . . . . . . . . . . Combat . | . . . . . . . . . . . . . . . . . . . . Robot Hacks Applied . | . . . . . . . . . . . . . . . . . . . . Relay Couplers Released 4 | . . . . . . . . . . . . . . . 4 . . . . Programmers 4 | . . . . . . . . . . . . . . . 4 . . . . Fabnet Peak Effective % . | . . . . . . . . . . . . . . . . . . . . Robots Rewired 2 | . . . . . . . . . . . . 2 . . . . . . . Allies Hacked . | . . . . . . . . . . . . . . . . . . . . Hacks Repelled . | . . . . . . . . . . . . . . . . . . . . Allies | -11 -10 -10 -10 -9 -8 -8 -8 -7 -7 -7 -7 -6 -6 -6 -6 -6 -6 -6 -6 -------- Run | Scr Mat Min Exi Min Mat Gar Mat Fac Low Low Dat Pro Fac Gar Fac Low Low Zio Dee Total Allies 18 | . . 5 . . . . . . . . . 3 3 . 2 . . 5 . Largest Group 5 | . . 4 4 3 3 . . . . . . 2 3 3 2 . . 5 . Highest-Rated Group 280 | . . 71 71 37 37 . . . . . . 96 53 48 64 . . 280 . Highest-Rated Ally 96 | . . 31 31 16 16 . . . . . . 96 29 16 32 . . 96 . Total Orders 40 | . . . 3 3 . . . 5 2 4 . 1 . 1 12 3 6 . . STAY 3 | . . . 2 . . . . . . . . . . . . . 1 . . FOLLOW 2 | . . . 1 . . . . 1 . . . . . . . . . . . RETURN 35 | . . . . 3 . . . 4 2 4 . 1 . 1 12 3 5 . . Ally Attacks 210 | . . 9 . 26 22 . . . . . . 66 6 61 8 . . 12 . Total Damage 3745 | . . 61 . 287 229 . . . . . . 1575 101 1013 219 . . 260 . Kills 29 | . . 1 . 5 2 . . . . . . 13 . 6 2 . . . . Allies Corrupted 1 | . . . . . . . . . . . . . . . . . . 1 . Allies Melted 1 | . . . . . . . . . . . . . . . . . . 1 . Intel | -11 -10 -10 -10 -9 -8 -8 -8 -7 -7 -7 -7 -6 -6 -6 -6 -6 -6 -6 -6 ------- Run | Scr Mat Min Exi Min Mat Gar Mat Fac Low Low Dat Pro Fac Gar Fac Low Low Zio Dee Robot Analysis Total 1 | . . . . . 1 . . . . . . . . . . . . . . Derelict Logs Recovered 8 | . . 3 . . . . . . . 1 . . . . . 1 2 1 . Drone Launches 64 | . . . . 3 . . . 4 2 5 . . . 3 21 4 22 . . Drone Recoveries 57 | . . . . 3 . . . 4 2 4 . 1 . 1 16 3 23 . . Exploration | -11 -10 -10 -10 -9 -8 -8 -8 -7 -7 -7 -7 -6 -6 -6 -6 -6 -6 -6 -6 ------------- Run | Scr Mat Min Exi Min Mat Gar Mat Fac Low Low Dat Pro Fac Gar Fac Low Low Zio Dee Turns Passed 24135 | . 379 613 820 285 1542 1440 1731 1927 1827 1992 221 1391 630 2018 1783 886 1244 2902 504 Spaces Moved 10582 | 1 214 462 636 160 621 560 592 1006 714 655 87 485 158 774 763 442 576 1452 224 Core . | . . . . . . . . . . . . . . . . . . . . Treads 6036 | . . . . . 465 560 592 1006 714 655 87 387 158 774 638 . . . . Legs 54 | 1 26 . . . . . . . . . . . . . . . . . 27 Wheels 4492 | . 188 462 636 160 156 . . . . . . 98 . . 125 442 576 1452 197 Hover . | . . . . . . . . . . . . . . . . . . . . Flight . | . . . . . . . . . . . . . . . . . . . . Fastest Speed 105 | 120 105 105 110 140 125 160 160 160 160 240 252 175 247 160 160 190 115 160 160 Average Speed 189 | 120 114 107 126 148 211 196 208 160 239 270 252 245 249 214 165 190 181 173 165 Slowest Speed 435 | 120 145 110 140 155 240 240 240 160 240 405 252 435 335 346 240 190 190 190 203 Overloaded Moves . | . . . . . . . . . . . . . . . . . . . . Propulsion Burnouts . | . . . . . . . . . . . . . . . . . . . . Robots Hopped . | . . . . . . . . . . . . . . . . . . . . Cave-ins Triggered . | . . . . . . . . . . . . . . . . . . . . Exploration Rate (%) 52 | 2 42 82 90 41 48 37 53 29 64 59 71 58 4 64 27 69 70 86 58 Regions Visited 19 Branch Regions 11 Pre-discovered Areas 5 | . . 2 1 . . . . . 1 . 1 . . . . . . . . Known Exits Taken 8 | . 1 . . . 1 . . 1 1 . 1 . 1 . 1 1 . . . Unknown Exits Taken 9 | 1 . 1 1 1 . . 1 . . 1 . 1 . . . . 1 1 . Scrap Searched 21 | . . . . . . . . . 3 3 . 5 . . . 6 1 3 . Spaces Dug 74 | . . . . . . . . . . 18 . 20 . . 21 . 15 . . Terrain Destroyed 301 | . . . . . 11 . . 5 96 58 . 20 . 2 63 4 25 4 13 Melee . | . . . . . . . . . . . . . . . . . . . . Projectile 93 | . . . . . . . . . . 18 . 10 . 1 31 4 25 4 . AOE 208 | . . . . . 11 . . 5 96 40 . 10 . 1 32 . . . 13 Terrain Rammed . | . . . . . . . . . . . . . . . . . . . . Walls Destroyed . | . . . . . . . . . . . . . . . . . . . . Machines Disabled . | . . . . . . . . . . . . . . . . . . . . Actions | -11 -10 -10 -10 -9 -8 -8 -8 -7 -7 -7 -7 -6 -6 -6 -6 -6 -6 -6 -6 --------- Run | Scr Mat Min Exi Min Mat Gar Mat Fac Low Low Dat Pro Fac Gar Fac Low Low Zio Dee Total 13177 | . 286 527 651 192 759 760 992 1188 789 801 90 603 346 973 1141 474 705 1608 292 Wait 961 | . 15 19 8 14 12 12 303 32 9 35 . 5 142 25 237 5 63 17 8 Move 10561 | . 213 461 635 159 620 559 591 1005 713 654 86 484 157 771 762 441 575 1451 224 Hop . | . . . . . . . . . . . . . . . . . . . . Pick Up 174 | . 12 4 3 4 14 27 10 8 9 14 . 8 3 15 8 6 10 18 1 Fast Attach 106 | . 4 2 . 3 14 6 7 6 3 4 2 6 5 13 14 4 4 8 1 Attach 76 | . 2 3 1 . 8 3 5 4 3 7 . 5 5 11 5 . 1 7 6 Detach 12 | . . . . . 1 1 . . . 1 . 1 . 3 4 . . . 1 Swap 108 | . 2 2 1 2 6 4 2 15 10 8 . 7 5 8 17 1 4 6 8 Drop 193 | . 4 5 3 3 25 37 9 9 7 10 2 7 4 26 15 10 5 10 2 Fire 924 | . 34 31 . 7 59 105 65 109 35 68 . 59 25 81 79 7 43 91 26 Melee 31 | . . . . . . . . . . . . . . 16 . . . . 15 Ram . | . . . . . . . . . . . . . . . . . . . . Kick . | . . . . . . . . . . . . . . . . . . . . Crush . | . . . . . . . . . . . . . . . . . . . . Escape Stasis 10 | . . . . . . 6 . . . . . . . 4 . . . . . Rewire 21 | . . . . . . . . . . . . 21 . . . . . . . Trap . | . . . . . . . . . . . . . . . . . . . . Miscellaneous . | . . . . . . . . . . . . . . . . . . . . Route ------- -11/Scrapyard -10/Materials (discovered 3 exits: [*Mat] / *Min x2) -10/Mines (discovered 2 exits: [*Mat] / *Exi) -10/Exiles -9/Mines (discovered 2 exits: *Mat x2) -8/Materials (discovered 2 exits: *Fac / Gar) -8/Garrison (discovered 2 exits: *Mat x2) -8/Materials (discovered 2 exits: *Fac x2) -7/Factory (discovered 4 exits: Sto x2 / *Low x2) -7/Lower Caves -7/Lower Caves -7/Data Miner -6/Proximity Caves -6/Factory -6/Garrison (discovered 3 exits: *Fac x3) -6/Factory -6/Lower Caves -6/Lower Caves (discovered 2 exits: *Fac / *Zio) -6/Zion (discovered 2 exits: [*Dee] / [*Pro]) -6/Deep Caves History --------- Turn | Location | Event 1 | -11/Scrapyard | Discovered new exit (range 0) 1 | -11/Scrapyard | Entered Materials 165 | -10/Materials | Discovered new exit (range 16) 176 | -10/Materials | Identified exit to Mines 328 | -10/Materials | Build established: Mutant 380 | -10/Materials | Entered Mines 401 | -10/Mines | Assembled infested the area 428 | -10/Mines | Met a Derelict bent on vengeance 617 | -10/Mines | Core integrity fell below 50% 686 | -10/Mines | Discovered new exit (range 4) 790 | -10/Mines | Found the Drone Emporium 799 | -10/Mines | Found Prototype Device 799 | -10/Mines | Identified Sensor Drone Bay 830 | -10/Mines | Learned location of Zion (-6) 855 | -10/Mines | Learned Materials trap positions 899 | -10/Mines | Build established: Scavenger-Mutant 945 | -10/Mines | Assisted by bots powering up and referring to "LRC-V3" 980 | -10/Mines | Deemed a non-threat by the Exiles lab entrance 981 | -10/Mines | Discovered new exit (range 5) 993 | -10/Mines | Entered Exiles 993 | -10/Exiles | Accompanied by 4 allies 1020 | -10/Exiles | Met 8R-AWN 1023 | -10/Exiles | Led the pair of lost Derelicts to a safe place 1040 | -10/Exiles | Met EX-HEX 1081 | -10/Exiles | Met EX-DEC 1133 | -10/Exiles | Visited The Gauntlet 1360 | -10/Exiles | Met EX-BIN 1380 | -10/Exiles | Aligned with FarCom system 1381 | -10/Exiles | Given EX-Vault access code 1416 | -10/Exiles | Opened EX-Vault 1425 | -10/Exiles | Found Superbattery 1429 | -10/Exiles | Found Latent Energy Streamer 1434 | -10/Exiles | Found AWS/Autocannon 1464 | -10/Exiles | Warned to stay clear of 0b10 Research branches 1760 | -10/Exiles | Discovered new exit (range 14) 1813 | -10/Exiles | Stole three prototypes: Superbattery, Latent Energy Streamer, AWS/Autocannon 1813 | -10/Exiles | Entered Mines 1813 | -9/Mines | Accompanied by 3 allies 1940 | -9/Mines | Joined a pair of Derelicts in attacking an 0b10 outpost 2049 | -9/Mines | Discovered new exit (range 6) 2078 | -9/Mines | Discovered new exit (range 11) 2098 | -9/Mines | Entered Materials 2098 | -8/Materials | Accompanied by 3 allies 2098 | -8/Materials | Evolved 4 slots: Propulsion x1, Utility x3 2099 | -8/Materials | Loaded intel: 12 trap records 2634 | -8/Materials | Discovered new exit (range 13) 2635 | -8/Materials | Build established: Mutant 3595 | -8/Materials | Identified exit to Garrison 3640 | -8/Materials | Entered Garrison 3888 | -8/Garrison | Triggered checkpoint 4060 | -8/Garrison | Discovered new exit (range 12) 4216 | -8/Garrison | Triggered checkpoint 4756 | -8/Garrison | Heavy support dispatched to Materials 4993 | -8/Garrison | Discovered new exit (range 10) 5080 | -8/Garrison | Entered Materials 5468 | -8/Materials | Discovered new exit (range 15) 6156 | -8/Materials | Discovered new exit (range 17) 6447 | -8/Materials | Repaired Imp. Heavy Treads 6481 | -8/Materials | Repaired Hrd. Light Armor Plating 6532 | -8/Materials | Repaired Adv. Heat Sink 6596 | -8/Materials | Repaired Imp. Heavy Treads 6635 | -8/Materials | Repaired Deuterium Engine 6811 | -8/Materials | Entered Factory 6811 | -7/Factory | Evolved 2 slots: Propulsion x1, Utility x1 6813 | -7/Factory | FarCom data flow suspended 6828 | -7/Factory | Identified exit to DSF 6947 | -7/Factory | Build established: Scavenger-Mutant 8057 | -7/Factory | Garrison activated, responded to threat 8411 | -7/Factory | First assault squad dispatched 8712 | -7/Factory | Discovered new exit (range 10) 8714 | -7/Factory | Identified exit to Storage 8714 | -7/Factory | Identified exit to Lower Caves 8738 | -7/Factory | Entered Lower Caves 8775 | -7/Lower Caves | Met a Warlord Commander 8776 | -7/Lower Caves | Learned location of Warlord (-5) 8778 | -7/Lower Caves | Found Encrypted Comm Array 9030 | -7/Lower Caves | Build established: Hauler-Mutant 10204 | -7/Lower Caves | Encountered a Warlord checkpoint 10430 | -7/Lower Caves | Discovered new exit (range 15) 10506 | -7/Lower Caves | Identified exit to Lower Caves 10565 | -7/Lower Caves | Entered another Lower Caves area 10577 | -7/Lower Caves | P-60 Hacker assimilated allied AB-LYE(S) 11039 | -7/Lower Caves | Spotted B-75 Beast 11461 | -7/Lower Caves | Spotted QJ-7KE(f) 11462 | -7/Lower Caves | Spotted 9W-UD3(f) 11463 | -7/Lower Caves | Encountered a Master Thief 11463 | -7/Lower Caves | Encountered a Master Thief 11463 | -7/Lower Caves | Spotted NO-8GD(f) 11464 | -7/Lower Caves | Encountered a Master Thief 11464 | -7/Lower Caves | Imp. Heavy Treads stolen by Master Thief 11464 | -7/Lower Caves | Imp. Heavy Treads stolen by Master Thief 11471 | -7/Lower Caves | Spotted BJ-QRX(f) 11472 | -7/Lower Caves | Encountered a Master Thief 11477 | -7/Lower Caves | Lyr. Medium Armor Plating stolen by Master Thief 11499 | -7/Lower Caves | Destroyed NO-8GD(f) 12495 | -7/Lower Caves | Discovered new exit (range 8) 12557 | -7/Lower Caves | Entered Data Miner 12557 | -7/Data Miner | Accompanied by 1 ally 12557 | -7/Data Miner | Discovered new exit (range 6) 12578 | -7/Data Miner | Identified exit to Proximity Caves 12606 | -7/Data Miner | Met Data Miner 12672 | -7/Data Miner | Learned location of Section 7 (-2) 12672 | -7/Data Miner | Acquired the access code to Warlord's prototype stash 12695 | -7/Data Miner | Received God Mode back door access code from Data Miner 12778 | -7/Data Miner | Entered Proximity Caves 12778 | -6/Proximity Caves | Accompanied by 1 ally 13100 | -6/Proximity Caves | Escorted by Enhanced Grunt 13100 | -6/Proximity Caves | Core integrity fell below 50% 13399 | -6/Proximity Caves | Attracted the attention of an 0b10 outpost 13442 | -6/Proximity Caves | System corruption reached 10% 13492 | -6/Proximity Caves | Lost 4 parts (1p2u1w) 13892 | -6/Proximity Caves | Discovered new exit (range 15) 14169 | -6/Proximity Caves | Entered Factory 14169 | -6/Factory | Accompanied by 2 allies 14169 | -6/Factory | Evolved 2 slots: Power x1, Utility x1 14260 | -6/Factory | Spotted B-75 Beast 14317 | -6/Factory | Lost 3 parts (1n2u) 14317 | -6/Factory | Destroyed B-75 Beast 14513 | -6/Factory | Fabricated G-47 Trooper (x3) 14599 | -6/Factory | Fabricated Combat Drone Bay (x1) 14796 | -6/Factory | Identified exit to Garrison 14799 | -6/Factory | Entered Garrison 14799 | -6/Garrison | Accompanied by 3 allies 14866 | -6/Garrison | Triggered checkpoint 15066 | -6/Garrison | Spotted B-75 Beast 15076 | -6/Garrison | Triggered checkpoint 15115 | -6/Garrison | Destroyed B-75 Beast 15130 | -6/Garrison | Triggered checkpoint 15177 | -6/Garrison | Triggered checkpoint 15234 | -6/Garrison | System corruption reached 10% 15350 | -6/Garrison | System corruption reached 30% 15428 | -6/Garrison | Discovered new exit (range 10) 15484 | -6/Garrison | Build established: Scavenger-Mutant 15650 | -6/Garrison | Triggered checkpoint 15686 | -6/Garrison | Discovered new exit (range 10) 16423 | -6/Garrison | Discovered new exit (range 11) 16439 | -6/Garrison | Attempted to access garrison exit controls, blocked by remote lockdown 16500 | -6/Garrison | Triggered checkpoint 16675 | -6/Garrison | Attempted to access garrison exit controls, blocked by remote lockdown 16817 | -6/Garrison | Entered Factory 17626 | -6/Factory | Fabricated Particle Reactor (x2) 17867 | -6/Factory | First assault squad dispatched 17897 | -6/Factory | Incoming assault squad redirected 18119 | -6/Factory | Garrison activated, responded to threat 18242 | -6/Factory | Incoming assault squad redirected 18270 | -6/Factory | Core integrity fell below 50% 18299 | -6/Factory | Lost 3 parts (2n1u) 18306 | -6/Factory | Destroyed 8 combat bots 18556 | -6/Factory | Discovered new exit (range 16) 18595 | -6/Factory | Identified exit to Lower Caves 18600 | -6/Factory | Entered Lower Caves 18600 | -6/Lower Caves | Accompanied by 4 allies 18894 | -6/Lower Caves | Build established: Mutant 19177 | -6/Lower Caves | Learned Factory emergency access door positions 19419 | -6/Lower Caves | Discovered new exit (range 8) 19437 | -6/Lower Caves | Identified exit to Lower Caves 19486 | -6/Lower Caves | Entered another Lower Caves area 19486 | -6/Lower Caves | Accompanied by 5 allies 19647 | -6/Lower Caves | Discovered new exit (range 9) 19740 | -6/Lower Caves | Identified exit to Factory 19909 | -6/Lower Caves | Learned 4 Factory zone layouts 19981 | -6/Lower Caves | Learned Factory stockpile data 20055 | -6/Lower Caves | Build established: Scavenger-Mutant 20225 | -6/Lower Caves | Spotted WS-OEE(f) 20225 | -6/Lower Caves | Spotted T1-NHB(f) 20227 | -6/Lower Caves | Encountered a Master Thief 20227 | -6/Lower Caves | Encountered a Master Thief 20227 | -6/Lower Caves | Spotted KV-KUW(f) 20228 | -6/Lower Caves | Encountered a Master Thief 20228 | -6/Lower Caves | Spotted H7-8NT(f) 20229 | -6/Lower Caves | Particle Reactor stolen by Master Thief 20230 | -6/Lower Caves | Spotted XW-ZDK(f) 20231 | -6/Lower Caves | Encountered a Master Thief 20231 | -6/Lower Caves | Encountered a Master Thief 20231 | -6/Lower Caves | Huge Storage Unit stolen by Master Thief 20233 | -6/Lower Caves | Destroyed T1-NHB(f) 20234 | -6/Lower Caves | Particle Reactor stolen by Master Thief 20256 | -6/Lower Caves | Imp. Heavy Treads stolen by Master Thief 20259 | -6/Lower Caves | Sensor Drone Bay stolen by Master Thief 20262 | -6/Lower Caves | Lost 9 parts (2n2u3w) 20412 | -6/Lower Caves | Discovered new exit (range 8) 20554 | -6/Lower Caves | Build established: Mutant 20730 | -6/Lower Caves | Entered Zion 20831 | -6/Zion | System corruption cleaned by Quarantine Array 20929 | -6/Zion | Discovered new exit (range 12) 21321 | -6/Zion | Given the Hacking Drone Bay 21324 | -6/Zion | Found Prototype Device 21430 | -6/Zion | Learned Factory terminal intel 21467 | -6/Zion | Gained Derelict followers 21987 | -6/Zion | Given A8's code to call for help 22618 | -6/Zion | Enhanced Grunt warped into view, answering call for help 22629 | -6/Zion | Enhanced Grunt warped into view, answering call for help 22804 | -6/Zion | Attacked by Zionites 22857 | -6/Zion | Destroyed 7 combat bots 23139 | -6/Zion | Build established: Scavenger-Mutant 23407 | -6/Zion | Destroyed Imprinter 23412 | -6/Zion | Extracted access codes from Imprinter's data core 23603 | -6/Zion | Opened final containment barrier to the Deep Caves 23629 | -6/Zion | Discovered new exit (range 3) 23629 | -6/Zion | Saw the warning signs outside the Deep Caves entrance 23632 | -6/Zion | Entered Deep Caves 23802 | -6/Deep Caves | Z-Facility disabled 23987 | -6/Deep Caves | Core integrity fell below 20% 24004 | -6/Deep Caves | Spotted as-98822 24029 | -6/Deep Caves | Destroyed as-98822 24057 | -6/Deep Caves | Lost 4 parts (1p2n1u) 24113 | -6/Deep Caves | Triggered Deep Caves wall 24115 | -6/Deep Caves | Exposed GOLEM chamber 24118 | -6/Deep Caves | Spotted AS-78234 24136 | -6/Deep Caves | Destroyed by as-04335 with Assembled P-torch Last Messages --------------- 24124_ Extracted 139 energy. 24125_ Mak. Power Source destroyed. 24127_ Extracted 19 energy. 24128_ GOLEM Unit springs to life. 24128_ Mak. Power Source destroyed. 24128_ System corrupted by crushing effect (+3). 24128_ as-79411 destroyed. 24129_ Extracted 31 energy. 24129_ as-81138 GOLEM Unit beginning Prototype Leg integration. 24129_ Penetrated by Slug. 24129_ Hrd. Light Armor Plating destroyed. 24131_ as-93314 destroyed. 24131_ A GOLEM Unit tumbles out of the Wall Chamber. 24131_ Penetrated by Slug. 24132_ Extracted 31 energy. 24132_ as-07769 released from Mobile Assembly Unit. 24135_ Enh. Flexi-carbon Leg destroyed. 24136_ Extracted 31 energy. 24136_ GOLEM Unit springs to life. 24136_ Imp. Cooling System destroyed. Map ----- +----------------------------------------------------+ | ?????????????????????????????????????????? | | ?????????????????????????????????????????? | | ?????????????????????????????????????????? | | ?????????????????????????????????????????? | | ?????????????????????????????????????????? | | ?????????????????????????????????????????? | | ?????????????????????????????????????????? | | ?????????????????????????????????????????? | | ?????????????????????????????????????????? | | ?????????????????????????????????????????? | | ??????????????? ?????????????????????? | | ????????????? ???????????????????? | | ?????????? ! [ ????????????????? | | ???????? a = ??????????????? | | ?????? * ! ?????????????? | | ?????? * ! #?????????????? | | ????? ##????????????? | | ????? a a * g #????????????? | | ?????A ! #???????????? | | ???????a * * ! #??#####???? | | ???????## ! g #?## ##?## | | ???????"GG * ! #?# #? | | ????????"G #?# ## | | ?????????" a s ! #?# | | ?????????" ! = ### % | | ????????"! @ h ## ? | | ????????# * = ## ??? | | ????????" ! = b # #???? | | ????????" # ##### | | ????????" | | ????????""" = | | ????????" ##??## | | ????????"" b #### #### | | ????????" #??## ## | | ????????"" ##???## | | ????????" ; #?????# | | ????????" ###; ;; ;; ##?????# | | ????????""" ###?## ;; ;;##??????## # | | ?????????" ???###; ; #????????####### | | ?????????########????##""##??????????????? | | | | | | | | | | | | | | | | | | | | | +----------------------------------------------------+ Best States ------------- Heat Dissipation 83 Energy Generation 41 Energy Capacity 580 Matter Stores 351 Matter Capacity 500 Sight Range 16 Terrain Scan Range 16 Terrain Scan Density 210 Jamming Range 12 Additional Mass Support 12 Armor Coverage 1200 Resistance: KI 30 Resistance: TH 15 Propulsion Shielding 66 Evasion (%) 55 Targeting Accuracy 16 Recoil Reduction 4 Salvage Targeting 1 Defensive Hacking 22 Authchip Count 1 Item Schematics ----------------- Hcp. Storage Unit | -8/Materials | Scanalyzed Salvage Targeting Computer | -8/Materials | Scanalyzed Hrd. Light Armor Plating | -8/Materials | Scanalyzed Imp. Heavy Treads | -8/Materials | Scanalyzed Combat Drone Bay | -7/Data Miner | Free Lgt. Regenerative Plating | -7/Data Miner | Free Cld. Aerolev Unit | -7/Data Miner | Free Thermal Defense Suite | -7/Data Miner | Free Imp. Lightning Gun | -7/Data Miner | Free Antigrav System | -7/Data Miner | Free Adv. Trap Extractor | -7/Data Miner | Free Imp. Remote Datajack | -7/Data Miner | Free KE Penetrator | -7/Data Miner | Free Imp. Particle Charger | -6/Zion | Archive Imp. Arc Projector | -6/Zion | Archive Proton Cannon | -6/Zion | Archive Adv. Plasma Cannon | -6/Zion | Archive Flexi-carbon Leg | -6/Zion | Archive Imp. Thermal Shield | -6/Zion | Archive Hvy. Plasma Cannon | -6/Zion | Archive Railgun | -6/Zion | Archive Adv. Thermal Shield | -6/Zion | Archive Drone Bay | -6/Zion | Archive Lance | -6/Zion | Archive Hvy. Beamcaster | -6/Zion | Archive Lgt. Angular Momentum Engine | -6/Zion | Archive Robot Schematics ------------------ O-24 Administrator | -7/Data Miner | Free L-41 Fighter | -7/Data Miner | Free E-15 Imp | -7/Data Miner | Free R-10 Processor | -7/Data Miner | Free B-60 Warrior | -7/Data Miner | Free A-15 Conveyor | -7/Data Miner | Free X-77 Beamer | -6/Zion | Archive Fabricated ------------ G-47 Trooper | x3 | -6/Factory | Preloaded Combat Drone Bay | x1 | -6/Factory | Authchip Particle Reactor | x2 | -6/Factory | Preloaded Alien Tech Used ----------------- None Achievements -------------- None Challenges ------------ None Game ------ Seed ChargeActuatorChip Manual? 0 Play Time 02:48:51 Cumulative 399.2 hours Start 2022.08.25 @ 19:30:33 End 2022.08.26 @ 15:36:30 Sessions 3 Manual Loads 0 Difficulty Rogue Special Mode None Game No. 409 Rogue 409 Adventurer 0 Explorer 0 Win Type - Total 31 Types 18/3/3/1/2/1/3/0/0 Lore% 91 Gallery% 92 Achievement% 81 Wizard Run 0 Options --------- ASCII 0 Keyboard 0 Movement Arrows Keybinds 0 Fullscreen 2 Font 24/Smallcaps Map View 76x50 Tactical HUD 1 Map Filters NONE Filters NONE Steam 1 RUN: c6be8334-30dc-4f4d-9475-38603bf6443b